 Dungeon Crawl Stone Soup version 0.30-a0-168-g0b976cbdc4 (webtiles) character file.

Game seed: 13489235143072401485

49 qw the Chopper (level 3, -3/23 HPs)
             Began as a Gargoyle Fighter on Sept 29, 2022.
             Slain by a gnoll
             ... wielding a +0 halberd
              (7 damage)
             ... on level 2 of the Dungeon.
             The game lasted 00:00:34 (1218 turns).

qw the Chopper (Gargoyle Fighter)                   Turns: 1218, Time: 00:00:34

Health: -3/23      AC: 11    Str: 21    XL:     3   Next: 75%
Magic:  3/3        EV:  9    Int:  8    God:
Gold:   89         SH:  4    Dex:  9    Spells: 2/2 levels left

rFire   . . .      SeeInvis .    Y - +0 war axe
rCold   . . .      Faith    .    c - +0 buckler
rNeg    + . .      Spirit   .    b - +0 scale mail
rPois   inf        Reflect  .    (no helmet)
rElec   +          Harm     .    (no cloak)
rCorr   .          Rampage  .    h - +0 pair of gloves
Will    .....                    (no boots)
Stlth   ..........               (no amulet)
HPRegen 0.07/turn                (no ring)
MPRegen 0.08/turn                (no ring)

@: no status effects
A: sickness immunity, AC +3, negative energy resistance 1, electricity
resistance, torment resistance 1, petrification resistance
a: no special abilities


You were on level 2 of the Dungeon.
You visited 1 branch of the dungeon, and saw 2 of its levels.

You collected 89 gold pieces.


Innate Abilities, Weirdness & Mutations

You are immune to sickness and miasma.
Your stone body is resilient. (AC +3)
You are immune to poison.
You resist negative energy. (rN+)
You are resistant to electric shocks. (rElec)
You are resistant to unholy torment.
You are immune to petrification.


   Skills:
 - Level 3.2 Fighting
 + Level 3.6 Axes
 - Level 3.2 Armour
 - Level 3.2 Shields


You had 2 spell levels left.
You didn't know any spells.
Your spell library was empty.

Inventory:

Hand Weapons
 g - a +2 vampiric whip
 Y - a +0 war axe (weapon)
Armour
 b - a +0 scale mail (worn)
 c - a +0 buckler (worn)
 h - a +0 pair of gloves (worn)
Potions
 d - a potion of might
 e - a potion of haste {unknown}

Dungeon Overview and Level Annotations

Branches:
Dungeon (2/15)

Altars:
Uskayaw

Shops:
D:2 (


Message History

There is an entrance to Qefumn's Antique Weapon Boutique here.
1092 ||| SHOPLISTING runed hand axe (150 gold, have 84).
You can access your shopping list by pressing '$'.
There is an entrance to Qefumn's Antique Weapon Boutique here.
You open the door.
There is an open door here.
Found a whip.
You now have 89 gold pieces (gained 5).
Found a stone staircase leading up.
Enter note:
Enter note:
Enter note:
Enter note: A gnoll comes into view. It is wielding a +0 halberd.
1205 ||| Stepping ~*~*~tactically~*~*~ (stealth).
Enter note:
Enter note: 2 gnolls come into view.
The gnoll shouts!
Enter note:
1208 ||| Stepping ~*~*~tactically~*~*~ (hiding).
1210 ||| Stepping ~*~*~tactically~*~*~ (hiding).
You start waiting.
A gnoll is nearby!
The gnoll closely misses you.
A gnoll comes into view. It is wielding a +0 whip of freezing.
The gnoll shouts!
You hear a shout!
You barely miss the gnoll.
A gnoll comes into view. It is wielding a +0 spear.
The gnoll closely misses you.
You hit the gnoll but do no damage. x2
The gnoll hits you but does no damage. The gnoll hits you with a +0 halberd!
You barely miss the gnoll. You hit the gnoll but do no damage.
The gnoll hits you but does no damage. The gnoll hits you with a +0 club.
The gnoll closely misses you. The gnoll hits you with a +0 halberd.
You slash the gnoll!
The gnoll is severely wounded.
You barely miss the gnoll.
The gnoll barely misses you. x2; The gnoll hits you with a +0 halberd!
You die...

..........#
#####...##
....._...... ...
........#
..........#.##..
######..##
##......#.#.....
#.... #######.#
#..... ##.## #
.# #... #.# # #
#.g. #.# #
#..g#########
#)# #
#gg@.......# #.#
#.########.# #.#
#
.....<#.######.#
.............#
#######.##.###
#.##.# #.##.#
#.##.# #.##.# ##


You could see 4 gnolls.

Vanquished Creatures
  A dart slug (D:1)
  2 bats (D:1)
  8 endoplasms
  3 giant cockroaches
  6 goblins
  3 hobgoblins
  5 quokkas (D:1)
  2 frilled lizards
  4 kobolds
  4 rats
  A spectral hobgoblin (D:1)
39 creatures vanquished.

Notes
Turn   | Place    | Note
-------+----------+-------------------------------------------
     0 | D:1      | qw the Gargoyle Fighter began the quest for the Orb.
     0 | D:1      | Reached XP level 1. HP: 14/14 MP: 1/1
     0 | D:1      | 0 ||| qw: Version: 0.2-a-12-gaebbb33
     0 | D:1      | 0 ||| qw: Game counter: 1202
     0 | D:1      | 0 ||| qw: Always use a shield: true
     0 | D:1      | 0 ||| qw: God list: Okawaru
     0 | D:1      | 0 ||| qw: Allow faded altars: false
     0 | D:1      | 0 ||| qw: Do Orc after D:15 true
     0 | D:1      | 0 ||| qw: Do second Lair branch before Depths: true
     0 | D:1      | 0 ||| qw: Lair rune preference: random
     0 | D:1      | 0 ||| qw: Plans: Normal, Zot:1-4, God:TSO, Crypt, Tomb,
                  | Pan, Slime:5, Hells, Abyss, Orb
     0 | D:1      | 0 ||| PLANNING D:1-11
    68 | D:1      | 68 ||| Stepping ~*~*~tactically~*~*~ (stealth).
    85 | D:1      | Reached XP level 2. HP: 19/19 MP: 2/2
    92 | D:1      | 92 ||| Stepping ~*~*~tactically~*~*~ (stealth).
   100 | D:1      | 100 ||| Stepping ~*~*~tactically~*~*~ (stealth).
   320 | D:1      | 320 ||| Stepping ~*~*~tactically~*~*~ (stealth).
   325 | D:1      | Reached skill level 3 in Axes
   327 | D:1      | Reached XP level 3. HP: 23/23 MP: 3/3
   343 | D:1      | 343 ||| DROPPING +0 whip.
   488 | D:1      | Found a faded altar of an unknown god.
   708 | D:1      | 708 ||| UPGRADING to +0 pair of gloves.
   713 | D:1      | 713 ||| READING scroll labelled WIBEASO IRIC.
   751 | D:2      | Found a hide-covered altar of Uskayaw.
  1007 | D:2      | 1007 ||| Stepping ~*~*~tactically~*~*~ (hiding).
  1084 | D:2      | Found Qefumn's Antique Weapon Boutique.
  1092 | D:2      | 1092 ||| SHOPLISTING runed hand axe (150 gold, have 84).
  1205 | D:2      | 1205 ||| Stepping ~*~*~tactically~*~*~ (stealth).
  1208 | D:2      | 1208 ||| Stepping ~*~*~tactically~*~*~ (hiding).
  1210 | D:2      | 1210 ||| Stepping ~*~*~tactically~*~*~ (hiding).
  1217 | D:2      | HP: 4/23 [gnoll/+0 halberd (5)]
  1218 | D:2      | Slain by a gnoll

Levels and vault maps discovered:
D:1:      amcnicky_arrival_feature_with_door, layout_rooms,
          dreamdust_ecumenical_altar_drowned_temple, serial_rivers,
          chequers_serial_rivers_marsh, chequers_serial_rivers_large_a,
          chequers_serial_rivers_micro_b, chequers_serial_rivers_room_a,
          chequers_serial_rivers_small_b, chequers_serial_rivers_micro_c
D:2:      layout_basic, basic_altar, serial_shops, nicolae_shop_hallway_stairs

Skill      XL: |  1  2 |
---------------+-------+-----
Axes           | 2 3 |  3.6
Fighting       | |  3.2
Armour         | |  3.2
Shields        | |  3.2

Action                   || total
-------------------------++-------
Melee: War axe           ||   114
  Use: Scroll            ||     1
Armor: Scale mail        ||    51
Dodge: Dodged            ||    45
Block: Buckler           ||    20

Table legend:
 A = Non-vault XP
 B = Vault XP
 C = Vault XP percentage of total XP
 D = Non-vault monster count
 E = Vault monster count
 F = Vault count percentage of total count
                 A         B        C        D         E       F
            +---------+---------+-------+---------+---------+-------
      Total |      69 |       1 |   1.4 |      38 |       1 |   2.6
            +---------+---------+-------+---------+---------+-------
        D:1 |      55 |       1 |   1.8 |      30 |       1 |   3.2
        D:2 |      14 |       0 |   0.0 |       8 |       0 |   0.0
            +---------+---------+-------+---------+---------+-------
